 Dungeon Crawl Stone Soup version 0.20.1-1-g8b1a95d66d (webtiles) character file.

274 Popi the Covered (level 6, -1/47 HPs)
             Began as a Human Fighter on Dec 17, 2017.
             Slain by Popi's ghost (2 damage)
             ... on level 3 of the Dungeon.
             The game lasted 00:07:27 (3189 turns).

Popi the Covered (Human Fighter)                    Turns: 3189, Time: 00:07:28

Health: -1/47      AC: 12    Str: 19    XL:     6   Next: 49%
Magic:  6/6        EV:  7    Int:  8    God:
Gold:   69         SH:  0    Dex: 12    Spells: 5/5 levels left

rFire    . . .     SeeInvis .   a - +0 long sword
rCold    . . .     Gourm    .   (no shield)
rNeg     . . .     Faith    .   s - +0 plate armour
rPois    .         Spirit   .   (no helmet)
rElec    .         Reflect  .   (no cloak)
rCorr    .         Harm     .   (no gloves)
MR       .....                  (no boots)
Stlth    ..........             (no amulet)
Regen    0.2/turn               (no ring)
MPRegen  0.1/turn               (no ring)

@: no status effects
A: no striking features
a: no special abilities


You were on level 3 of the Dungeon.
You were very hungry.

You visited 1 branch of the dungeon, and saw 4 of its levels.

You collected 69 gold pieces.

Inventory:

Hand Weapons
 a - a +0 long sword (weapon)
Armour
 c - a +0 shield
 s - a +0 plate armour (worn)
Jewellery
 i - a +2 ring of evasion {unknown}
Scrolls
 e - a scroll of amnesia
 h - a scroll of remove curse
 j - 2 scrolls of identify
 k - 4 scrolls of enchant armour
 p - a scroll of teleportation
 q - 2 scrolls of blinking
Potions
 b - a potion of haste {unknown}
 d - a potion of might
 g - 2 potions of heal wounds {unknown}
 m - a potion of lignification
 o - 2 potions of flight {unknown}
Comestibles
 f - 4 bread rations
 l - a royal jelly
 n - a meat ration


   Skills:
 - Level 3.0 Fighting
 - Level 2.0 Long Blades
 + Level 5.9 Armour
 - Level 3.0 Dodging
 - Level 3.0 Shields


You had 5 spell levels left.
You didn't know any spells.

Dungeon Overview and Level Annotations

Branches:
Dungeon (4/15)
 Temple: D:4-7

Altars:

Annotations:
D:3 Popi's ghost, amateur HuFi


Message History

* * * LOW HITPOINT WARNING * * *
You hit Popi's ghost.
Popi's ghost is severely damaged.
Popi's ghost hits you but does no damage.
You barely miss Popi's ghost.
Popi's ghost is severely damaged.
Popi's ghost hits you but does no damage. x2
You closely miss Popi's ghost.
Popi's ghost is severely damaged.
Popi's ghost hits you.
* * * LOW HITPOINT WARNING * * *
You hit Popi's ghost.
Popi's ghost is severely damaged.
Popi's ghost hits you!
* * * LOW HITPOINT WARNING * * *
You barely miss Popi's ghost.
Popi's ghost is severely damaged.
Popi's ghost hits you but does no damage.
Popi's ghost hits you.
You die...

.......W...........#
.##.##..#..........#
.##.# ..####..(..###
.##.. ..# #.###.#.##
.#####.###.# ##.#.#
.# .# #. #.#.# .# ..
##.#.# . ..
#.###.#.##
###....@## #......W#
#.##..#.# #.#..#
#.###.# ## ..# ..#
###


You could see Popi's ghost.

Vanquished Creatures
  2 orc wizards (D:3)
  Robin (D:2)
  6 adders
  5 gnolls
  3 worms
  3 dart slugs
  2 leopard geckos
  5 orcs (D:3)
  7 bats
  5 giant cockroaches
  8 goblins
  11 hobgoblins
  8 jackals
  5 frilled lizards
  6 kobolds
  8 rats
85 creatures vanquished.

Notes
Turn   | Place    | Note
-------+----------+-------------------------------------------
     0 | D:1      | Popi the Human Fighter began the quest for the Orb.
     0 | D:1      | Reached XP level 1. HP: 18/18 MP: 1/1
   128 | D:1      | Reached skill level 1 in Dodging
   156 | D:1      | Reached XP level 2. HP: 18/24 MP: 2/2
   633 | D:2      | Reached XP level 3. HP: 29/29 MP: 3/3
  1000 | D:2      | Reached XP level 4. HP: 22/35 MP: 4/4
  1113 | D:2      | Noticed Robin
  1126 | D:2      | Killed Robin
  1142 | D:2      | Reached skill level 4 in Armour
  1458 | D:2      | Reached XP level 5. HP: 30/41 MP: 5/5
  2194 | D:3      | Reached skill level 5 in Armour
  2219 | D:3      | HP: 2/41 [poisoned by an adder]
  2227 | D:3      | HP: 1/41 [poisoned by an adder]
  2476 | D:3      | Noticed Popi's ghost (amateur HuFi)
  2726 | D:3      | Reached XP level 6. HP: 42/47 MP: 6/6
  3188 | D:3      | HP: 1/47 [Popi's ghost (7)]
  3189 | D:3      | Slain by Popi's ghost

Skill      XL: |  1  2  3  4  5 |
---------------+----------------+-----
Dodging        | 1 2 3 |  3.0
Armour         | 4 5 |  5.9
Fighting       | |  3.0
Long Blades    | |  2.0
Shields        | |  3.0

Action                   |  1- 3 |  4- 6 || total
-------------------------+-------+-------++-------
Melee: Long sword        |    84 |   258 ||   342
  Use: Scroll            |     6 |     2 ||     8
  Eat: Chunk             |       |     7 ||     7
Armor: Scale mail        |    57 |    36 ||    93
       Plate armour      |       |   202 ||   202
Dodge: Dodged            |    73 |   144 ||   217
       Rpst.: Long sword |    24 |    44 ||    68
